AoeStats
← iAlejandrouae

Arena

509395928Analyzed
4v4 RM · 5d ago on Sep 26, 2026· 26m 29s· 8 players
Game mode
Random Map
Map size
Large (8 player)
Population
200
Speed
Normal
Resources
Standard
Victory
Conquest
Starting age
Dark Age
Ending age
Imperial Age
RankedLock teamsTeams togetherTeam positionsShared explorationLock speedFull tech treeHidden civsTurbo modeCheats
Victory
Defeat
🇹🇷 Franks · Türkiye
1778
+8
🇹🇷 Saxons · Türkiye
1605
+14
🇹🇷 Danes · Türkiye
1522
+18
🇹🇷 Cumans · Türkiye
1508
+18
🇷🇺 Saxons · Russia
1627
-17
🇦🇷 Persians · Argentina
1569
-14
🇧🇾 Teutons · Belarus
1557
-14
🇧🇾 Lithuanians · Belarus
1538
-13
iAlejandrouae
8:07 Feudal Age
6:40 Loom
9:32 Fletching
16:20 Town Watch
20:46 Castle Age
18:51 Horse Collar
19:23 Double-Bit Axe
21:30 Bow Saw
22:03 Wheelbarrow
25:48 Bodkin Arrow
PromoART
9:52 Feudal Age
14:07 Castle Age
12:46 Double-Bit Axe
13:17 Horse Collar
20:50 Stone Mining
20:54 Loom
24:11 Wheelbarrow
24:44 Gold Mining
26:06 Scale Mail Armor
25:58 Fletching
Zyzz
9:49 Feudal Age
14:11 Castle Age
12:24 Horse Collar
13:38 Double-Bit Axe
15:38 Bow Saw
19:34 Wheelbarrow
22:21 Hand Cart
22:32 Gold Mining
22:54 Bloodlines
22:45 Husbandry
23:45 Scale Barding Armor
23:50 Forging
24:35 Sanctity
26:39 Chain Barding Armor
26:54 Iron Casting
ponuno
9:41 Feudal Age
13:41 Castle Age
12:14 Double-Bit Axe
12:59 Horse Collar
17:28 Loom
YuYa_AoE
10:00 Feudal Age
8:34 Loom
10:19 Feudal Age
15:16 Castle Age
20:13 Double-Bit Axe
21:25 Horse Collar
26:11 Bow Saw
26:50 Scale Mail Armor
PolishedPoo
9:42 Feudal Age
10:17 Feudal Age
14:03 Castle Age
11:56 Double-Bit Axe
12:21 Horse Collar
15:26 Bow Saw
19:49 Wheelbarrow
20:51 Hand Cart
22:19 Heavy Plow
27:18 Imperial Age
24:51 Gold Mining
26:24 Scale Mail Armor
26:34 Forging
27:23 Chain Mail Armor
JavelinMen
8:56 Feudal Age
9:22 Double-Bit Axe
9:19 Horse Collar
17:05 Wheelbarrow
18:39 Scale Barding Armor
18:45 Forging
21:11 Castle Age
19:52 Bloodlines
20:00 Gold Mining
22:17 Chain Barding Armor
22:33 Iron Casting
22:36 Bow Saw
27:16 Gold Shaft Mining
Edelreiss
9:55 Feudal Age
10:28 Loom
11:53 Double-Bit Axe
14:24 Castle Age
16:30 Scale Mail Armor
25:02 Bow Saw
Connection lost

Rejoining the realm…

Still unreachable

The connection could not be restored.

Session expired

The server has moved on; the page needs a fresh start.